 Dungeon Crawl Stone Soup version 0.25-b1-37-g2669288c55 (webtiles) character file.

Game seed: 7659152653794854830

1060 H0rd4k the Cutter (level 8, 0/58 HPs)
             Began as a Human Artificer on June 6, 2020.
             Was an Initiate of Gozag.
             Slain by a hog (8 damage)
             ... on level 6 of the Dungeon.
             The game lasted 00:13:02 (7148 turns).

H0rd4k the Cutter (Human Artificer)                 Turns: 7148, Time: 00:13:04

Health: 0/58       AC:  3    Str: 15    XL:     8   Next: 52%
Magic:  11/11      EV: 13    Int: 11    God:    Gozag
Gold:   209        SH:  0    Dex: 14    Spells: 7/7 levels left

rFire    . . .     SeeInvis .   c - +3 dagger (venom)
rCold    . . .     Gourm    .   (no shield)
rNeg     . . .     Faith    .   b - +0 leather armour
rPois    .         Spirit   .   (no helmet)
rElec    .         Reflect  .   (no cloak)
rCorr    .         Harm     .   (no gloves)
MR       .....                  (no boots)
Stlth    ++........             (no amulet)
HPRegen  0.19/turn              (no ring)
MPRegen  0.12/turn              (no ring)

@: no status effects
A: no striking features
a: Potion Petition, Call Merchant, Bribe Branch, Renounce Religion


You were on level 6 of the Dungeon.
You worshipped Gozag.
Gozag was aware of your devotion.
You were not hungry.

You visited 2 branches of the dungeon, and saw 8 of its levels.

You collected 484 gold pieces.
You spent 176 gold pieces at shops.
You paid 99 gold pieces to Gozag.

Inventory:

Hand Weapons
 a - a +0 short sword
 c - a +3 dagger of venom (weapon)
 s - a +1 vampiric short sword
 y - the +3 falchion of Starshine {protect, Dex+5}
   (You bought it in a shop on level 4 of the Dungeon)

   It grants its wielder temporary protection when it strikes (+7 to AC).
   It affects your dexterity (+5).
Missiles
 i - 43 poisoned darts (quivered)
Armour
 b - a +0 leather armour (worn)
Magical Staves
 q - an uncursed staff of cold
 r - an uncursed staff of earth {unknown}
Jewellery
 w - an uncursed ring of resist corrosion {unknown}
 x - an uncursed amulet of magic regeneration {unknown}
Wands
 d - a wand of enslavement (15)
 e - a wand of random effects (6)
 h - a wand of iceblast (8)
 t - a wand of disintegration (10)
Scrolls
 g - a scroll of enchant weapon {unknown}
 j - 7 scrolls of identify {unknown}
 l - 2 scrolls of fog {unknown}
 m - a scroll of random uselessness {unknown}
 n - a scroll of teleportation {unknown}
 o - 3 scrolls of fear {unknown}
 p - 4 scrolls of remove curse {unknown}
Potions
 k - a potion of degeneration {unknown}
 u - 3 potions of heal wounds {unknown}
 v - 2 potions of curing {unknown}
 z - a potion of mutation {unknown}
Comestibles
 f - 9 rations


   Skills:
 + Level 3.5 Fighting
 + Level 5.1 Short Blades
 + Level 1.1 Throwing
 + Level 3.4 Armour
 + Level 4.0 Dodging
 + Level 3.6 Stealth
 + Level 4.1 Evocations


You had 7 spell levels left.
You didn't know any spells.
Your spell library contained the following spells:

 Spells                   Type           Power        Failure   Level  Hunger
 Beastly Appendage        Tmut           #.....       41%         1    ##.....
 Infusion                 Chrm           #...         41%         1    ##.....
 Summon Small Mammal      Summ           #...         41%         1    ##.....
 Call Imp                 Summ           #.......     54%         2    ###....
 Shroud of Golubria       Chrm/Tloc      #.....       54%         2    ###....
 Song of Slaying          Chrm           #.......     54%         2    ###....
 Sticks to Snakes         Tmut           #.......     54%         2    ###....
 Call Canine Familiar     Summ           #.......     78%         3    ####...
 Ozocubu's Armour         Chrm/Ice       #.......     78%         3    ####...
 Spectral Weapon          Hex/Chrm       #.......     78%         3    ####...
 Spider Form              Tmut/Pois      #.........   78%         3    ####...
 Summon Guardian Golem    Hex/Summ       #.......     78%         3    ####...
 Ice Form                 Ice/Tmut       #.......     99%         4    #####..
 Summon Ice Beast         Ice/Summ       #.......     99%         4    #####..
 Summon Lightning Spire   Summ/Air       #.......     99%         4    #####..
 Blade Hands              Tmut           #.........   100%        5    ######.


Dungeon Overview and Level Annotations

Branches:
Dungeon (7/15)             Temple (1/1) D:6

Altars:
Cheibriados
Dithmenos
Elyvilon
Fedhas
Gozag
Hepliaklqana
Kikubaaqudgha
Makhleb
Okawaru
Qazlal
Ru
Trog
Uskayaw
Vehumet
Xom
Yredelemnul
Zin
The Shining One

Shops:
D:4 **((*

Annotations:
D:2 exclusion: downstairs
D:3 1 runed translucent door, emiel's ghost, weakling BaFi
D:5 Dowan; Duvessa
D:7 exclusions: hog and human


Message History

The hog completely misses you.
You hit the hog but do no damage.
The hog looks as sick as possible!
The hog is heavily wounded.
The hog bites you! The hog misses you.
You climb upwards.
There is a stone staircase leading down here.
You hit the hog.
The hog looks as sick as possible!
The hog is severely wounded.
The hog closely misses you.
You hit the hog but do no damage.
The hog looks as sick as possible!
The hog is severely wounded.
The hog bites you!
You hit the hog.
The hog is almost dead.
The hog bites you!
* * * LOW HITPOINT WARNING * * *
The hog bites you!
You die...
Your body crumbles into a pile of gold.

.........#
###............#
...≈≈§...#
###.........##
..≈§§≈≈..# ###
####......#
#≈≈≈≈≈§≈## ###.###
#####..# #≈§≈>≈§≈#
##....>### #.##
#§≈§≈§≈≈#
##........### ##.#
#.≈≈§≈≈.#
#...........####.##
#..≈≈§..#
##.....h.......##.#
####.##.#
#.....@(.......#..#
#.#..#
#.............##.##
#...##
##............##.#
#.)##
#...............##
##.#
##............#..###
#.##
#..........####...##
#..# ##........##
##...## ## #..#
####......####
#.#..# .##
#..###....######
####..


You could see a hog (extremely poisoned).

Vanquished Creatures
  2 sky beasts (D:6)
  An ogre (D:6)
  2 centaurs
  A bullfrog (D:6)
  A scorpion (D:4)
  A crimson imp (D:6)
  2 orc priests (D:3)
  A bullfrog skeleton (D:3)
  A hound (D:6)
  2 iguanas (D:5)
  Ijyb (D:4)
  2 worker ants
  3 gnolls (D:4)
  9 adders
  A shadow imp (D:6)
  2 oozes
  An adder zombie (D:5)
  An adder skeleton (D:4)
  2 worms (D:2)
  5 dart slugs
  A leopard gecko (D:5)
  6 orcs
  10 giant cockroaches
  12 goblins
  3 hobgoblins (D:1)
  4 jackals (D:1)
  7 kobolds
  3 quokkas
  11 bats
  3 frilled lizards
  A jackal skeleton (D:5)
  A leopard gecko skeleton (D:4)
  A quokka skeleton (D:4)
  A quokka zombie (D:6)
  5 rats
110 creatures vanquished.

Vanquished Creatures (others)
  A withered plant (D:3)
1 creature vanquished.

Grand Total: 111 creatures vanquished

Notes
Turn   | Place    | Note
-------+----------+-------------------------------------------
     0 | D:1      | H0rd4k the Human Artificer began the quest for the Orb.
     0 | D:1      | Reached XP level 1. HP: 15/15 MP: 3/3
    55 | D:1      | Reached XP level 2. HP: 12/21 MP: 4/4
   436 | D:1      | Reached XP level 3. HP: 15/26 MP: 5/5
  1355 | D:2      | Reached XP level 4. HP: 14/32 MP: 6/6
  1490 | D:2      | Reached skill level 2 in Short Blades
  1905 | D:2      | Reached skill level 1 in Armour
  2428 | D:3      | Noticed a centaur
  2773 | D:3      | Reached XP level 5. HP: 27/38 MP: 7/7
  3325 | D:3      | Found a white marble altar of Elyvilon.
  3386 | D:3      | Killed a centaur
  3386 | D:3      | Reached skill level 3 in Short Blades
  3386 | D:3      | Reached XP level 6. HP: 23/44 MP: 8/8
  3765 | D:3      | Found a runed translucent door.
  3765 | D:3      | Noticed emiel's ghost (weakling BaFi)
  3855 | D:3      | Found a snail-covered altar of Cheibriados.
  4264 | D:4      | Noticed Ijyb
  4273 | D:4      | Killed Ijyb
  4273 | D:4      | Reached XP level 7. HP: 20/51 MP: 9/9
  4469 | D:4      | Found Dioh's Antique Weapon Shoppe.
  4537 | D:4      | Found Ulysan's General Store.
  4797 | D:4      | Found Bisats's Antique Weapon Emporium.
  4797 | D:4      | Found Plog's Assorted Antiques.
  4942 | D:4      | Found Wanil's General Store.
  5049 | D:5      | Entered Level 5 of the Dungeon
  5065 | D:5      | Reached skill level 4 in Short Blades
  5112 | D:5      | Found a radiant altar of Vehumet.
  5331 | D:5      | Noticed Duvessa
  5554 | D:5      | Noticed Dowan
  5724 | D:6      | Found a staircase to the Ecumenical Temple.
  5734 | Temple   | Entered the Ecumenical Temple
  5739 | Temple   | Became a worshipper of Gozag Ym Sagoz the Greedy
  6071 | D:6      | Reached XP level 8. HP: 29/58 MP: 11/11
  6691 | D:6      | Reached skill level 5 in Short Blades
  6691 | D:6      | Reached skill level 1 in Throwing
  6916 | D:4      | Bought a steaming falchion for 176 gold pieces
  6916 | D:4      | Identified the +3 falchion of Starshine {protect, Dex+5}
                  | (You bought it in a shop on level 4 of the Dungeon)
  6991 | D:7      | Noticed a hog
  6991 | D:7      | Noticed a human
  6991 | D:7      | Noticed a hog
  6991 | D:7      | Noticed a hog
  7135 | D:7      | Noticed a hog
  7148 | D:6      | Slain by a hog

Illustrated notes

Levels and vault maps discovered:
D:1:      dpeg_arrival_simpleton_b, layout_rooms
D:2:      layout_rooms
D:3:      layout_basic, lemuel_coloured_pillars_altar, kennysheep_slug_shrine,
          gammafunk_ghost_grave, st_stairs_13
D:4:      layout_cave_pools, serial_shops, nicolae_shop_stone, shop_statue,
          nicolae_shop_waterfront, shop, nicolae_shop_overgrown_old_shop,
          first_ration, dk_rats_in_the_wall, uniq_ijyb
D:5:      layout_cave_pools, lemuel_crystal_altar, uniq_duvessa
D:6:      layout_cave_pods, minmay_temple_entry_mist, minmay_misc_feat_hallway
D:7:      layout_basic, grunt_livestock, corexii_hall_statues_u,
          minmay_manual_mares
Temple:   minmay_freezing_vapour_temple

Skill      XL: |  1  2  3  4  5  6  7  8 |
---------------+-------------------------+-----
Short Blades   | 2 3 4 5 |  5.1
Armour         | 1 2 3 |  3.4
Fighting       | 2 3 |  3.5
Dodging        | 3 4 |  4.0
Stealth        | 2 3 |  3.6
Evocations     | 4 |  4.1
Throwing       | 1 |  1.1

Action                   |  1- 3 |  4- 6 |  7- 9 || total
-------------------------+-------+-------+-------++-------
Melee: Short sword       |   167 |   153 |       ||   320
       Dagger            |       |       |   168 ||   168
Throw: Dart              |       |     5 |     6 ||    11
Evoke: Wand              |     4 |    22 |     4 ||    30
  Use: Potion            |       |     3 |       ||     3
 Stab: Sleeping          |       |     2 |     6 ||     8
  Eat: Chunk             |     2 |     8 |     6 ||    16
       Ration            |       |       |     1 ||     1
Armor: Leather armour    |    58 |    26 |    18 ||   102
Dodge: Dodged            |   126 |   107 |    75 ||   308
